 Dungeon Crawl Stone Soup version 0.19-b1-3-g7dea586 (webtiles) character file.

462 Mesmaeker13 the Conjurer (level 6, -10/36 HPs)
             Began as a High Elf Conjurer on Oct 28, 2016.
             Mangled by dorian's ghost (12 damage)
             ... on level 4 of the Dungeon.
             The game lasted 00:10:23 (4130 turns).

Mesmaeker13 the Conjurer (High Elf Conjurer)        Turns: 4130, Time: 00:10:24

Health: -10/36     AC:  3    Str:  7    XL:     6   Next: 79%
Magic:  3/16       EV: 13    Int: 21    God:
Gold:   95         SH:  0    Dex: 16    Spells: 3 memorised, 11 levels left

rFire  . . .     SeeInvis +     q - scroll of remove curse {unknown}
rCold  . . .     Gourm    +     a - +0 robe
rNeg   . . .     Faith    .     (no shield)
rPois  .         Spirit   .     m - +0 helmet
rElec  .         Reflect  .     (no cloak)
rCorr  .         Harm     .     (no gloves)
MR     .....                    (no boots)
Stlth  ++........               x - amulet of the gourmand
                                (no ring)
                                v - ring of see invisible

@: no status effects
A: no striking features
a: no special abilities


You were on level 4 of the Dungeon.
You were hungry.

You visited 1 branch of the dungeon, and saw 5 of its levels.

You collected 95 gold pieces.

Inventory:

Hand Weapons
 s - a +3 short sword
 t - a +2 short sword of draining
Missiles
 f - 31 poisoned needles
Armour
 a - a +0 robe (worn)
 m - a +0 helmet (worn)
Jewellery
 v - a ring of see invisible (left hand)
 x - an amulet of the gourmand (around neck)
Scrolls
 d - 2 scrolls of enchant weapon
 e - a scroll of random uselessness {unknown}
 g - a scroll of teleportation {unknown}
 k - a scroll of blinking {unknown}
 q - a scroll of remove curse (in hand) {unknown}
 u - a scroll of fog {unknown}
 w - 3 scrolls of magic mapping {unknown}
Potions
 n - a potion of curing
 o - a potion of heal wounds {unknown}
 r - a potion of degeneration {unknown}
Books
 b - a book of Conjurations

   Spells                             Type                      Level
   a - Magic Dart                     Conjuration                  1
   b - Searing Ray                    Conjuration                  2
   c - Dazzling Spray                 Conjuration/Hexes            3
   d - Fulminant Prism                Conjuration/Hexes            4
   e - Iskenderun's Mystic Blast      Conjuration                  4
   f - Iskenderun's Battlesphere      Conjuration/Charms           5
Comestibles
 c - 3 bread rations
 i - 2 meat rations
 p - 4 fruits


   Skills:
 - Level 2.1 Dodging
 - Level 2.1 Stealth
 + Level 6.1 Spellcasting
 + Level 7.0 Conjurations


You had 11 spell levels left.
You knew the following spells:

 Your Spells              Type           Power        Failure   Level  Hunger
a - Magic Dart            Conj           ####         1%          1    None
b - Searing Ray           Conj           #####.       1%          2    None
c - Dazzling Spray        Conj/Hex       ###...       10%         3    ##.....


Dungeon Overview and Level Annotations

Branches:
Dungeon (5/15)
 Temple: D:4-7

Altars:
Qazlal

Annotations:
D:4 dorian's ghost, amateur OgHu


Message History

Okay, then.
It was a potion of cancellation.
Your magical effects are unravelling.
You feel magically purged.
You feel less woody.
Your +0 helmet unmelds from your body.
Your +0 robe unmelds from your body.
The centaur skeleton barely misses you. x2
The centaur skeleton hits you.
* * * LOW HITPOINT WARNING * * *
Items here: ( )) [ † a dagger; a leather armour; 18 stones; a dagger; an orc corpse The centaur skeleton hits you.
* * * LOW HITPOINT WARNING * * *
There is a stone staircase leading up here.
You see here a giant club.
The centaur skeleton closely misses you.
You climb upwards.
Level annotation: dorian's ghost, amateur OgHu Dorian's ghost misses you.
Dorian's ghost hits you!
You die...

## #.### .# #.#.#
.# #...# .# ##...#
## #....# ## #..###
.## #..# ..### #.W#
....## #@.##
.....### ##...###
.......###
##......#
.....#...##
##....####
.....###..###..####
......###.....##
......# ###.###
......# #.# .....##
#.#


You could see dorian's ghost.

Vanquished Creatures
  An ogre (D:5)
  2 orc priests
  An orc wizard (D:5)
  A worker ant (D:4)
  9 gnolls
  5 adders
  A shadow imp (D:5)
  2 oozes
  2 worms
  3 dart slugs
  3 leopard geckos
  13 orcs
  A ball python (D:2)
  10 bats
  2 giant cockroaches
  7 goblins
  10 hobgoblins
  11 jackals
  A quokka (D:3)
  3 frilled lizards
  8 kobolds
  7 rats
103 creatures vanquished.

Notes
Turn   | Place    | Note
-------+----------+-------------------------------------------
     0 | D:1      | Mesmaeker13 the High Elf Conjurer began the quest for the Orb.
     0 | D:1      | Reached XP level 1. HP: 11/11 MP: 4/4
    17 | D:1      | Reached XP level 2. HP: 8/17 MP: 0/6
  1014 | D:1      | Reached XP level 3. HP: 21/21 MP: 5/8
  1098 | D:1      | Reached skill level 5 in Conjurations
  1569 | D:2      | Learned a level 2 spell: Searing Ray
  1618 | D:2      | Found a stormy altar of Qazlal.
  1650 | D:2      | Reached XP level 4. HP: 25/27 MP: 6/10
  2022 | D:2      | Reached XP level 5. HP: 23/31 MP: 10/12
  2425 | D:2      | Reached skill level 6 in Conjurations
  2645 | D:2      | Learned a level 3 spell: Dazzling Spray
  2963 | D:3      | Reached skill level 5 in Spellcasting
  3266 | D:3      | Reached XP level 6. HP: 32/36 MP: 5/14
  3849 | D:4      | Noticed dorian's ghost (amateur OgHu)
  3888 | D:5      | Entered Level 5 of the Dungeon
  4109 | D:5      | Reached skill level 7 in Conjurations
  4127 | D:5      | HP: 1/36 [centaur skeleton (4)]
  4130 | D:4      | Mangled by dorian's ghost

Skill      XL: |  1  2  3  4  5  6 |
---------------+-------------------+-----
Spellcasting   | 3 4 5 6 |  6.1
Conjurations   | 5 6 7 |  7.0
Dodging        | |  2.1
Stealth        | |  2.1

Action                   |  1- 3 |  4- 6 || total
-------------------------+-------+-------++-------
Melee: Short sword       |    36 |    69 ||   105
Throw: Throwing net      |       |     1 ||     1
 Cast: Magic Dart        |    71 |    31 ||   102
       Searing Ray       |     1 |    23 ||    24
       Dazzling Spray    |       |     2 ||     2
  Use: Scroll            |       |     3 ||     3
       Potion            |       |     4 ||     4
 Stab: Sleeping          |     4 |     1 ||     5
  Eat: Chunk             |     2 |     6 ||     8
       Beef jerky        |       |     1 ||     1
Armor: Robe              |    19 |    14 ||    33
       Skin              |       |     3 ||     3
Dodge: Dodged            |    47 |    68 ||   115
